ITL
HAVANA ROLLERS @ RICHMOND FLAIRS
06/20/2029
 
TOP OF THE 1ST
Havana Rollers batting - Pitching for Richmond Flairs : RHP Arthur Green
Pitching: RHP Arthur Green
Batting: RHB Jesús Villalobos 0-0: Foul Ball, location: 2F
0-1: Ball
1-1: Fly out, F9 (Flyball, 9S)
Batting: RHB Tommy Davenport 0-0: Called Strike
0-1: Foul Ball, location: 2F
0-2: Ball
1-2: Ball
2-2: Strikes out looking
Batting: LHB Dusty Wilson 0-0: Ball
1-0: Ball
2-0: Ball
3-0: Base on Balls
Batting: LHB Enrique Cortéz 0-0: Ball
1-0: Ball
2-0: Called Strike
2-1: Ball
3-1: Base on Balls
Dusty Wilson to second
Batting: LHB Shiro Ueno 0-0: Ball
1-0: Ground out 5-3 (Groundball, 56)
Top of the 1st over - 0 runs, 0 hits, 0 errors, 2 left on base; Havana 0 - Richmond 0
BOTTOM OF THE 1ST
Richmond Flairs batting - Pitching for Havana Rollers : RHP Paço Boda
Pitching: RHP Paço Boda
Batting: RHB Jeff Bane 0-0: Ball
1-0: SINGLE (Line Drive, 8RM)
Batting: LHB Dave Gray 0-0: Ball
1-0: Called Strike
1-1: Ball
2-1: Ground out 5-3 (Groundball, 56S)
Jeff Bane to second
Batting: LHB Luis Villa 0-0: Ball
1-0: Ball
2-0: Ball
3-0: Base on Balls
Batting: LHB Sean Nicks 0-0: Ball
Throwing error on steal attempt, E2
Jeff Bane scores
Luis Villa to third
1-0: Ball
2-0: Swinging Strike
2-1: Swinging Strike
2-2: Ball
3-2: Foul Ball, location: 2F
3-2: Strikes out looking
Batting: SHB Adrián Miranda 0-0: Ball
1-0: Swinging Strike
1-1: Called Strike
1-2: Ball
2-2: Foul Ball, location: 2F
2-2: Fly out, F6 (Popup, 4MD)
Bottom of the 1st over - 1 run, 1 hit, 1 error, 1 left on base; Havana 0 - Richmond 1
TOP OF THE 2ND
Havana Rollers batting - Pitching for Richmond Flairs : RHP Arthur Green
Batting: LHB José Torres 0-0: Called Strike
0-1: Foul Ball, location: 2F
0-2: Fly out, F9 (Flyball, 89M)
Batting: SHB Yasuhiro Ikarashi 0-0: SINGLE (Groundball, 34D)
Batting: RHB Mitsuharu Matsumoto 0-0: Ball
1-0: Ball
2-0: Called Strike
2-1: Fielders Choice at 2nd, 5-4 (Groundball, 56)
Batting: RHB Ken MacDonald 0-0: Ball
1-0: Ball
2-0: SINGLE (Groundball, 4D)
Mitsuharu Matsumoto to second
Batting: RHB Jesús Villalobos 0-0: Called Strike
0-1: Ball
1-1: Foul Ball, location: 2F
1-2: Foul Ball, location: 2F
1-2: Strikes out swinging
Top of the 2nd over - 0 runs, 2 hits, 0 errors, 2 left on base; Havana 0 - Richmond 1
BOTTOM OF THE 2ND
Richmond Flairs batting - Pitching for Havana Rollers : RHP Paço Boda
Batting: LHB Roland Jones 0-0: Fly out, F5 (Popup, 5SF)
Batting: RHB Freddy Padilla 0-0: Ground out 1-3 (Groundball, 13S)
Batting: RHB Christian Hudson 0-0: Swinging Strike
0-1: Swinging Strike
0-2: Ball
1-2: Ball
2-2: Foul Ball, location: 2F
2-2: Strikes out looking
Bottom of the 2nd over - 0 runs, 0 hits, 0 errors, 0 left on base; Havana 0 - Richmond 1
TOP OF THE 3RD
Havana Rollers batting - Pitching for Richmond Flairs : RHP Arthur Green
Batting: RHB Tommy Davenport 0-0: Ball
1-0: Fly out, F4 (Popup, 23)
Batting: LHB Dusty Wilson 0-0: Swinging Strike
0-1: Foul Ball, location: 2F
0-2: Strikes out looking
Batting: LHB Enrique Cortéz 0-0: Foul Ball, location: 2F
0-1: Ball
1-1: Ball
2-1: SINGLE (Flyball, 8RS)
Batting: LHB Shiro Ueno 0-0: Ball
1-0: Swinging Strike
1-1: Ball
2-1: Swinging Strike
2-2: Foul Ball, location: 2F
2-2: Strikes out looking
Top of the 3rd over - 0 runs, 1 hit, 0 errors, 1 left on base; Havana 0 - Richmond 1
BOTTOM OF THE 3RD
Richmond Flairs batting - Pitching for Havana Rollers : RHP Paço Boda
Batting: RHB Alejandro Ramos 0-0: Fly out, F8 (Flyball, 8RD)
Batting: RHB Jeff Bane 0-0: Ball
1-0: Ground out 5-3 (Groundball, 56S)
Batting: LHB Dave Gray 0-0: Ball
1-0: Ball
2-0: Ball
3-0: Base on Balls
Batting: LHB Luis Villa 0-0: Ball
1-0: Called Strike
1-1: Ball
2-1: Fly out, F8 (Flyball, 8RM)
Bottom of the 3rd over - 0 runs, 0 hits, 0 errors, 1 left on base; Havana 0 - Richmond 1
TOP OF THE 4TH
Havana Rollers batting - Pitching for Richmond Flairs : RHP Arthur Green
Batting: LHB José Torres 0-0: Ball
1-0: Called Strike
1-1: Foul Ball, location: 2F
1-2: Ball
2-2: Ball
3-2: Strikes out swinging
Batting: SHB Yasuhiro Ikarashi 0-0: Ball
1-0: Ground out 3-1 (Groundball, 34)
Batting: RHB Mitsuharu Matsumoto 0-0: Called Strike
0-1: SINGLE (Groundball, 6MD)
Batting: RHB Ken MacDonald 0-0: Swinging Strike
0-1: Foul Ball, location: 2F
0-2: Ball
1-2: Strikes out swinging
Top of the 4th over - 0 runs, 1 hit, 0 errors, 1 left on base; Havana 0 - Richmond 1
BOTTOM OF THE 4TH
Richmond Flairs batting - Pitching for Havana Rollers : RHP Paço Boda
Batting: LHB Sean Nicks 0-0: Called Strike
0-1: Foul Ball, location: 2F
0-2: Ball
1-2: Ball
2-2: Foul Ball, location: 2F
2-2: Foul Ball, location: 2F
2-2: Strikes out looking
Batting: SHB Adrián Miranda 0-0: Fly out, F7 (Flyball, 7S)
Batting: LHB Roland Jones 0-0: Called Strike
0-1: Called Strike
0-2: Ball
1-2: Strikes out swinging
Bottom of the 4th over - 0 runs, 0 hits, 0 errors, 0 left on base; Havana 0 - Richmond 1
TOP OF THE 5TH
Havana Rollers batting - Pitching for Richmond Flairs : RHP Arthur Green
Batting: RHB Jesús Villalobos 0-0: Hit by Pitch
Batting: RHB Tommy Davenport 0-0: Ball
1-0: Foul Ball, location: 2F
1-1: Grounds into double play, 1-6-3 (Groundball, 13S)
Batting: LHB Dusty Wilson 0-0: Ball
1-0: DOUBLE (Line Drive, 9LD)
Batting: LHB Enrique Cortéz 0-0: Swinging Strike
0-1: Ball
1-1: Ball
2-1: Foul Ball, location: 2F
2-2: Ground out 5-3 (Groundball, 5D)
Top of the 5th over - 0 runs, 1 hit, 0 errors, 1 left on base; Havana 0 - Richmond 1
BOTTOM OF THE 5TH
Richmond Flairs batting - Pitching for Havana Rollers : RHP Paço Boda
Batting: RHB Freddy Padilla 0-0: Ball
1-0: Swinging Strike
1-1: Ball
2-1: Swinging Strike
2-2: Foul Ball, location: 2F
2-2: Fly out, F4 (Line Drive, 4M)
Batting: RHB Christian Hudson 0-0: Ball
1-0: Ball
2-0: Called Strike
2-1: Called Strike
2-2: Ball
3-2: Strikes out swinging
Batting: RHB Alejandro Ramos 0-0: Ball
1-0: Ball
2-0: Foul Ball, location: 2F
2-1: Ball
3-1: Base on Balls
Batting: RHB Jeff Bane 0-0: Ball
1-0: Ground out U3 (Groundball, 3L)
Bottom of the 5th over - 0 runs, 0 hits, 0 errors, 1 left on base; Havana 0 - Richmond 1
TOP OF THE 6TH
Havana Rollers batting - Pitching for Richmond Flairs : RHP Arthur Green
Batting: LHB Shiro Ueno 0-0: Ball
1-0: Foul Ball, location: 2F
1-1: Foul Ball, location: 2F
1-2: Strikes out swinging
Batting: LHB José Torres 0-0: Ball
1-0: Ball
2-0: Foul Ball, location: 2F
2-1: Ground out 4-3 (Groundball, 4)
Batting: SHB Yasuhiro Ikarashi 0-0: Called Strike
0-1: Ground out 4-3 (Groundball, 4)
Top of the 6th over - 0 runs, 0 hits, 0 errors, 0 left on base; Havana 0 - Richmond 1
BOTTOM OF THE 6TH
Richmond Flairs batting - Pitching for Havana Rollers : RHP Paço Boda
Batting: LHB Dave Gray 0-0: Ball
1-0: Ball
2-0: Fly out, F8 (Flyball, 8RS)
Batting: LHB Luis Villa 0-0: Called Strike
0-1: Ball
1-1: Ball
2-1: Ball
3-1: SINGLE (Flyball, 9LM)
Batting: LHB Sean Nicks 0-0: Called Strike
0-1: Called Strike
0-2: DOUBLE (Line Drive, 78D)
Luis Villa to third
Batting: SHB Adrián Miranda 0-0: Ground out U3 (Groundball, 34S)
Batting: LHB Roland Jones 0-0: Called Strike
0-1: Ball
1-1: Ball
2-1: Called Strike
2-2: Strikes out looking
Bottom of the 6th over - 0 runs, 2 hits, 0 errors, 2 left on base; Havana 0 - Richmond 1
TOP OF THE 7TH
Havana Rollers batting - Pitching for Richmond Flairs : RHP Arthur Green
Batting: RHB Mitsuharu Matsumoto 0-0: Ball
1-0: Ball
2-0: Called Strike
2-1: Ground out 5-3 (Groundball, 56S)
Batting: RHB Ken MacDonald 0-0: Ball
1-0: Foul Ball, location: 2F
1-1: Swinging Strike
1-2: Strikes out swinging
Batting: RHB Jesús Villalobos 0-0: Called Strike
0-1: Swinging Strike
0-2: Strikes out looking
Top of the 7th over - 0 runs, 0 hits, 0 errors, 0 left on base; Havana 0 - Richmond 1
BOTTOM OF THE 7TH
Richmond Flairs batting - Pitching for Havana Rollers : RHP Paço Boda
Batting: RHB Freddy Padilla 0-0: Ball
1-0: Called Strike
1-1: Ball
2-1: SINGLE (Line Drive, 9LM)
Batting: RHB Christian Hudson 0-0: Bunted foul
0-1: Bunted foul
0-2: Ball
1-2: Fly out, F7 (Flyball, 78S)
Batting: RHB Alejandro Ramos 0-0: Foul Ball, location: 2F
0-1: Ball
1-1: Foul Ball, location: 2F
1-2: Strikes out looking
Batting: RHB Jeff Bane 0-0: Called Strike
0-1: Ground out 1-3 (Groundball, 13S)
Bottom of the 7th over - 0 runs, 1 hit, 0 errors, 1 left on base; Havana 0 - Richmond 1
TOP OF THE 8TH
Havana Rollers batting - Pitching for Richmond Flairs : RHP Arthur Green
Batting: RHB Tommy Davenport 0-0: Ball
1-0: Ball
2-0: Ball
3-0: Base on Balls
Batting: LHB Dusty Wilson 0-0: Swinging Strike
0-1: Swinging Strike
0-2: Ball
1-2: Ball
2-2: Strikes out swinging
Batting: LHB Enrique Cortéz 0-0: Fly out, F7 (Flyball, 78M)
Batting: LHB Shiro Ueno Balk!
Tommy Davenport to second
0-0: Called Strike
0-1: Ground out 4-3 (Groundball, 4M)
Top of the 8th over - 0 runs, 0 hits, 0 errors, 1 left on base; Havana 0 - Richmond 1
BOTTOM OF THE 8TH
Richmond Flairs batting - Pitching for Havana Rollers : RHP Paço Boda
Pitching: RHP Kel Meyer
Batting: LHB Dave Gray 0-0: Foul Ball, location: 2F
0-1: Called Strike
0-2: Strikes out swinging
Batting: LHB Luis Villa 0-0: Ball
1-0: Ball
2-0: Called Strike
2-1: Ground out U3 (Groundball, 3)
Batting: LHB Sean Nicks 0-0: Fly out, F8 (Flyball, 8RS)
Bottom of the 8th over - 0 runs, 0 hits, 0 errors, 0 left on base; Havana 0 - Richmond 1
TOP OF THE 9TH
Havana Rollers batting - Pitching for Richmond Flairs : RHP Arthur Green
Now at 1B: Liangde Que
Batting: LHB José Torres 0-0: Foul Ball, location: 2F
0-1: Ball
1-1: Called Strike
1-2: Strikes out swinging
Pitching: RHP Alfonso Rodríguez
Batting: SHB Yasuhiro Ikarashi 0-0: Ball
1-0: SINGLE (Line Drive, 3D)
Pinch Hitting: SHB Pepe Piña 0-0: Foul Ball, location: 2F
0-1: Ground out U3 (Groundball, 3L)
Yasuhiro Ikarashi to second
Pinch Hitting: LHB Jimmy Husted 0-0: Ball
1-0: Foul Ball, location: 2F
1-1: Ball
2-1: Ball
3-1: Base on Balls
Batting: RHB Jesús Villalobos 0-0: Called Strike
0-1: Swinging Strike
0-2: Ball
1-2: Ball
2-2: Strikes out swinging
Top of the 9th over - 0 runs, 1 hit, 0 errors, 2 left on base; Havana 0 - Richmond 1
Saturday, December 16th, 2017 - OOTP Baseball 18.8 Build 76